 Dungeon Crawl Stone Soup version 0.28-a0-1638-g9123634e07 (webtiles) character file.

Game seed: 2523968325266544388

1561 hashsling the Covert (level 8, 0/52 HPs)
             Began as a Vampire Enchanter on Jan 25, 2022.
             Slain by an ice beast (8 damage)
             ... on level 6 of the Dungeon.
             The game lasted 00:18:04 (4699 turns).

hashsling the Covert (Vampire Enchanter)            Turns: 4699, Time: 00:18:04

Health: 0/52       AC:  4    Str:  7    XL:     8   Next: 58%
Magic:  1/11       EV: 15    Int: 17    God:
Gold:   125        SH:  0    Dex: 17    Spells: 3/11 levels left

rFire   . . .      SeeInvis +   a - +1 dagger
rCold   . . .      Faith    .   (no shield)
rNeg    . . .      Spirit   .   c - +1 robe {Archmagi}
rPois   .          Reflect  .   (no helmet)
rElec   .          Harm     .   (no cloak)
rCorr   .          Rampage  .   g - +0 pair of gloves
Will    .....      Archmagi +   (no boots)
Stlth   ++++......              o - amulet of regeneration
HPRegen 1.17/turn               (no ring)
MPRegen 0.12/turn               (no ring)

@: healing quickly
A: alive, fangs 3, see invisible, vampiric 2
a: Exsanguinate


You were on level 6 of the Dungeon.
You visited 1 branch of the dungeon, and saw 6 of its levels.

You collected 125 gold pieces.

Inventory:

Hand Weapons
 a - a +1 dagger (weapon)
Armour
 c - a +1 robe of the Archmagi (worn)
 g - a +0 pair of gloves (worn)
Magical Staves
 n - a staff of death
Jewellery
 o - an amulet of regeneration (around neck)
 r - a ring of fire
Scrolls
 b - a scroll of summoning {unknown}
 d - 4 scrolls of teleportation {unknown}
 e - a scroll of amnesia {unknown}
 h - a scroll of magic mapping {unknown}
 i - 6 scrolls of identify {unknown}
 l - a scroll of blinking {unknown}
 p - a scroll of immolation {unknown}
Potions
 f - 3 potions of heal wounds {unknown}
 j - a potion of curing {unknown}
 k - a potion of might {unknown}
 m - 2 potions of lignification {unknown}
 q - a potion of mutation {unknown}
 s - a potion of invisibility


   Skills:
 + Level 5.9 Short Blades
 + Level 6.2 Dodging
 + Level 9.6 Stealth
 - Level 2.0 Spellcasting
 + Level 8.9 Hexes


You had 3 spell levels left.
You knew the following spells:

 Your Spells              Type           Power      Damage    Failure   Level
a - Ensorcelled Hibernat  Hex/Ice        50%        N/A       4%          2
b - Confusing Touch       Hex            48%        N/A       1%          3
c - Tukima's Dance        Hex            48%        N/A       1%          3

Your spell library contained the following spells:

 Spells                   Type           Power      Damage    Failure   Level
 Dazzling Flash           Conj/Hex       50%        N/A       10%         3
 Summon Guardian Golem    Hex/Summ       25%        N/A       10%         3
 Summon Small Mammal      Summ           8%         N/A       19%         1
 Passwall                 Tmut/Erth      1%         N/A       28%         2
 Call Canine Familiar     Summ           2%         N/A       50%         3
 Swiftness                Air            2%         N/A       50%         3


Dungeon Overview and Level Annotations

Branches:
Dungeon (6/15)
 Temple: D:4-7

Altars:
Elyvilon
Gozag
Hepliaklqana
Makhleb
Okawaru
Trog
Zin

Shops:
D:3 [?[


Innate Abilities, Weirdness & Mutations

Your natural rate of healing is accelerated.
You have razor-sharp teeth.
You have supernaturally acute eyesight. (SInv)
You are afflicted with vampirism and can become a bat while bloodless.


Message History

The water moccasin bites you!
You closely miss the water moccasin.
The water moccasin is heavily wounded.
The water moccasin barely misses you.
You closely miss the water moccasin. Your bite misses the water moccasin.
The water moccasin is heavily wounded.
The water moccasin bites you!
You barely miss the water moccasin.
The water moccasin is heavily wounded.
The water moccasin misses you.
You barely miss the water moccasin.
The water moccasin is heavily wounded.
The water moccasin misses you.
Casting: Ensorcelled Hibernation (safe; 4% risk of failure)
Confirm with . or Enter, or press ? or * to list all spells.
You feel a surge of power!
Your hands begin to glow red.
The water moccasin closely misses you.
You hit the water moccasin but do no damage.
The water moccasin appears confused.
The water moccasin is heavily wounded.
You hit the water moccasin but do no damage.
The water moccasin is heavily wounded.
The ice beast closely misses you.
You see here a water moccasin corpse.
You hit the ice beast but do no damage.
The ice beast is lightly wounded.
The ice beast hits you. The ice beast freezes you!
The water moccasin bites the ice beast but does no damage.
The water moccasin bites itself.
The ice beast hits you. The ice beast freezes you!
* * * LOW HITPOINT WARNING * * *
You hit the ice beast but do no damage.
The ice beast is lightly wounded.
The ice beast completely misses you.
You hit the ice beast.
The ice beast is moderately wounded.
The ice beast hits you.
* * * LOW HITPOINT WARNING * * *
The ice beast freezes you!
You die...

#.#..# .. ....# .#..#
..##....# ...# ..#....#
######..# #.#....###
........# #........#
#.########.#######......#
#..............†.+.....# #
#.####.......SY###.....#....
#.####........@.............
#..............!.......#..⌠.
######.............?...# ..
#.#....................
#.#.................#...
#.#.................#..⌠.
###.#......................
#.....................#. ..
#.#.##..............<.#


You could see a water moccasin (confused) and an ice beast.

Vanquished Creatures
  Sigmund (D:2)
  A water moccasin (D:6)
  3 necrophages (D:5)
  An ogre (D:5)
  A centaur (D:5)
  A phantom (D:5)
  A gnoll sergeant (D:5)
  2 scorpions (D:4)
  2 jellies
  3 hounds
  Jessica (D:2)
  A scorpion zombie (D:4)
  Natasha (thrice) (D:2)
  7 iguanas
  3 gnolls (D:5)
  5 adders
  3 worms
  5 dart slugs
  3 orcs
  6 bats
  4 endoplasms
  5 giant cockroaches
  6 goblins
  5 hobgoblins
  7 jackals (D:1)
  4 quokkas
  8 ball pythons
  2 frilled lizards
  5 kobolds
  5 rats
104 creatures vanquished.

Vanquished Creatures (collateral kills)
  A gnoll (D:5)
1 creature vanquished.

Vanquished Creatures (others)
  A dancing weapon (D:5)
1 creature vanquished.

Grand Total: 106 creatures vanquished

Notes
Turn   | Place    | Note
-------+----------+-------------------------------------------
     0 | D:1      | hashsling the Vampire Enchanter began the quest for the
                  | Orb.
     0 | D:1      | Reached XP level 1. HP: 13/13 MP: 3/3
   125 | D:1      | Reached XP level 2. HP: 19/19 MP: 5/5
   136 | D:1      | Learned a level 2 spell: Ensorcelled Hibernation
   283 | D:1      | Reached skill level 5 in Stealth
   294 | D:1      | Gained mutation: You are afflicted with vampirism and can
                  | become a bat while bloodless. [Vampire growth]
   294 | D:1      | Reached XP level 3. HP: 20/24 MP: 6/6
   485 | D:1      | Found a faded altar of an unknown god.
   518 | D:1      | Reached skill level 5 in Hexes
   713 | D:2      | Learned a level 3 spell: Confusing Touch
   880 | D:2      | Noticed Jessica
   903 | D:2      | Killed Jessica
   904 | D:2      | Reached XP level 4. HP: 22/30 MP: 1/7
   989 | D:2      | Noticed Natasha
   990 | D:2      | Found an opulent altar of Gozag.
  1004 | D:2      | Killed Natasha
  1180 | D:2      | Noticed Sigmund
  1274 | D:2      | Killed Sigmund
  1275 | D:2      | Reached skill level 6 in Stealth
  1275 | D:2      | Reached XP level 5. HP: 35/35 MP: 2/8
  1292 | D:2      | Learned a level 3 spell: Tukima's Dance
  1500 | D:2      | Noticed Natasha
  1504 | D:2      | Killed Natasha
  1505 | D:2      | Reached XP level 6. HP: 41/41 MP: 6/9
  1597 | D:2      | Noticed Natasha
  1603 | D:2      | Killed Natasha
  1766 | D:3      | Found Leed's Magic Scroll Shop.
  1793 | D:3      | Found Eqiaclun's Antique Armour Emporium.
  2216 | D:3      | Found Ahax Jixueff's Armour Shoppe.
  2390 | D:4      | Reached skill level 7 in Stealth
  2782 | D:4      | Reached XP level 7. HP: 46/46 MP: 6/10
  3100 | D:4      | Found a bloodstained altar of Trog.
  3124 | D:5      | Entered Level 5 of the Dungeon
  3646 | D:5      | Reached skill level 5 in Dodging
  3646 | D:5      | Reached skill level 8 in Stealth
  3742 | D:5      | Reached skill level 5 in Short Blades
  3751 | D:5      | Reached XP level 8. HP: 52/52 MP: 2/11
  3872 | D:5      | Reached skill level 9 in Stealth
  4488 | D:5      | Found a hazy altar of Hepliaklqana.
  4492 | D:5      | Found a burning altar of Makhleb.
  4493 | D:5      | Found an iron altar of Okawaru.
  4699 | D:6      | Slain by an ice beast

Illustrated notes

Levels and vault maps discovered:
D:1:      dpeg_arrival_more_subterranean_lakeside_camping, layout_basic,
          ebering_ecumenical_altar_mist
D:2:      layout_loops_ring, basic_altar, uniq_natasha, uniq_sigmund,
          uniq_jessica
D:3:      layout_loops_ring, serial_shops, nicolae_shop_crystal, shop,
          nicolae_shop_behind_doors
D:4:      layout_rooms, trog_book
D:5:      minmay_clustersquares, layout_loops_ring, minitemple, sigmund_army
D:6:      layout_basic, minmay_temple_entry_large_hall,
          nicolae_ossuary_entry_plus, nicolae_concentric_dashed_squares_mild,
          uniq_eustachio

Skill      XL: |  1  2  3  4  5  6  7  8 |
---------------+-------------------------+-----
Stealth        | 5 6 7 8 9 |  9.6
Short Blades   | 2 3 4 5 |  5.9
Hexes          | 5 6 7 8 |  8.9
Dodging        | 3 4 5 6 |  6.2
Spellcasting   | |  2.0

Action                   |  1- 3 |  4- 6 |  7- 9 || total
-------------------------+-------+-------+-------++-------
Melee: Dagger            |   134 |   131 |   183 ||   448
       Bite              |    20 |    11 |    25 ||    56
       Punch             |     2 |     1 |     5 ||     8
 Cast: Ensorcelled Hiber |     7 |    20 |    25 ||    52
       Confusing Touch   |       |     6 |     7 ||    13
       Tukima's Dance    |       |       |     5 ||     5
  Use: Potion            |       |     1 |       ||     1
 Stab: Sleeping          |    12 |    12 |    20 ||    44
       Confused          |       |     5 |     6 ||    11
       Invisible         |       |     2 |       ||     2
Armor: Robe              |    18 |    15 |    21 ||    54
Dodge: Dodged            |    90 |    87 |   101 ||   278

Table legend: (Time is in decaauts)
 A = Elapsed time spent in this place.
 B = Non-inter-level travel time spent in this place.
 C = Inter-level travel time spent in this place.
 D = Time resting spent in this place.
 E = Time spent auto-exploring this place.
 F = Levels seen in this place.
 G = Mean time per level.
                   A        B        C        D        E       F      G
               +--------+--------+--------+--------+--------+-----+--------+
         Total |   4621 |   4505 |    116 |    146 |   3312 |   6 |  770.2 |
       Dungeon |   4621 |   4505 |    116 |    146 |   3312 |   6 |  770.2 |
               +--------+--------+--------+--------+--------+-----+--------+

Top non-repeatable levels by time:
     D:5: 1421 daAuts
     D:2: 993 daAuts
     D:3: 763 daAuts
     D:1: 751 daAuts
     D:4: 582 daAuts
     D:6: 110 daAuts
